 Dungeon Crawl Stone Soup version 0.30-a0-341-g682706514a (webtiles) character file.

Game seed: 4374407070938299226

4627 Lanoc the Scorcher (level 10, 0/69 HPs)
             Began as a Hill Orc Fire Elementalist on Nov 3, 2022.
             Was a Follower of Vehumet.
             Hit by a javelin thrown by a centaur (4 damage)
             ... in a bailey.
             The game lasted 00:17:09 (8166 turns).

Lanoc the Scorcher (Hill Orc Fire Elementalist)     Turns: 8166, Time: 00:17:09

Health: 0/69       AC:  3    Str: 12    XL:     10   Next: 42%
Magic:  1/21       EV: 12    Int: 19    God:    Vehumet [*.....]
Gold:   131        SH:  0    Dex: 11    Spells: 5/12 levels left

rFire   + . .      SeeInvis .    e - +10 spear of the Baleful God {venom, +Blink rPois rCorr MP+9}
rCold   x . .      Faith    .    (no shield)
rNeg    . . .      Spirit   .    a - +1 robe
rPois   +          Reflect  .    (no helmet)
rElec   .          Harm     .    (no cloak)
rCorr   +          Rampage  .    (no gloves)
Will    +....                    (no boots)
Stlth   ++........               (no amulet)
HPRegen 0.31/turn                c - ring of fire
MPRegen 0.17/turn                t - ring of willpower

@: no status effects
A: no striking features
a: Renounce Religion, Evoke Blink


You were in a bailey.
You worshipped Vehumet.
Vehumet was aware of your devotion.
You visited 2 branches of the dungeon, and saw 8 of its levels.
You also visited: Bailey.

You collected 309 gold pieces.
You spent 178 gold pieces at shops.

Inventory:

Hand Weapons
 e - the +10 spear of the Baleful God (weapon) {venom, +Blink rPois rCorr MP+9}
   (You found it on level 7 of the Dungeon)

   It poisons the flesh of those it strikes.
   rPois:     It protects you from poison.
   MP:        It affects your magic capacity (+9).
   +Blink:    It lets you blink.
   rCorr:     It protects you from acid and corrosion.
 o - the +8 great sword of the Gibberer {vorpal, rN+ Int+3}
   (You found it on level 2 of the Dungeon)

   It inflicts extra damage upon your enemies.
   Int:       It affects your intelligence (+3).
   rN:        It protects you from negative energy.
Armour
 a - a +1 robe (worn)
Jewellery
 c - a ring of fire (left hand)
 t - a ring of willpower (right hand)
 x - a ring of positive energy
Wands
 u - a wand of flame (5)
Scrolls
 d - a scroll of enchant armour
 f - 2 scrolls of noise
 g - 3 scrolls of identify
 k - a scroll of fog
 m - 2 scrolls of magic mapping
 q - a scroll of amnesia {unknown}
 v - a scroll of teleportation {unknown}
 y - a scroll of vulnerability {unknown}
 z - a scroll of fear
 A - a scroll of immolation
Potions
 b - 2 potions of magic
 i - 6 potions of lignification {unknown}
 j - a potion of invisibility {unknown}
 l - 2 potions of curing
 n - 5 potions of heal wounds
 p - 2 potions of attraction {unknown}
 r - a potion of degeneration
 s - 5 potions of mutation {unknown}
 w - a potion of haste


   Skills:
 - Level 1.5 Dodging
 - Level 1.5 Stealth
 - Level 1.5 Spellcasting
 - Level 1.0 Conjurations
 * Level 16.3 Fire Magic


You had 5 spell levels left.
You knew the following spells:

 Your Spells              Type           Power      Damage    Failure   Level
a - Foxfire               Conj/Fire      100%       2x1d9     1%          1
b - Flame Wave            Conj/Fire      51%        2d13      4%          4
d - Scorch                Fire           100%       2d10      1%          2

Your spell library contained the following spells:

 Spells                   Type           Power      Damage    Failure   Level
 Kiss of Death            Conj/Necr      12%        2d6       14%         1
 Inner Flame              Hex/Fire       48%        N/A       1%          3
 Kindle Blastsparks       Fire/Tloc/Air  66%        2d15      6%          3
 Cigotuvi's Dreadful Rot  Necr/Pois/Air  2%         N/A       26%         2
 Poisonous Vapours        Pois/Air       2%         N/A       26%         2
 Dazzling Flash           Conj/Hex       6%         N/A       41%         3
 Mephitic Cloud           Conj/Pois/Air  2%         N/A       43%         3
 Iskenderun's Mystic Bla  Conj/Tloc      3%         2d3       82%         4
 Starburst                Conj/Fire      25%        6d8       61%         6


Dungeon Overview and Level Annotations

Branches:
Dungeon (7/15)             Temple (1/1) D:5          Bailey (1/1)

Altars:
Ashenzari
Cheibriados
Dithmenos
Fedhas
Gozag
Hepliaklqana
Kikubaaqudgha
Makhleb
Nemelex Xobeh
Sif Muna
Trog
Uskayaw
Vehumet
Wu Jian
Xom
Zin
The Shining One

Shops:
D:5 *   D:6 ?


Message History

You feel a surge of power!
You conjure some foxfire!
The foxfire hits the centaur but does no damage. x3
You feel a surge of power!
You conjure some foxfire!
The foxfire hits the centaur but does no damage. x2
You feel a surge of power!
You conjure some foxfire!
The foxfire hits the centaur but does no damage.
The foxfire hits the centaur!
The centaur is moderately wounded.
The centaur hits you from afar with a +0 trident!
The centaur hits you from afar with a +0 trident.
You are too injured to fight recklessly!
Reach: e) +10 spear of the Baleful God {venom, +Blink rPois rCorr MP+9}
Press: ? - help, Dir - move target, f - centaur
Aim: a centaur, wielding a +0 trident, wearing a +0 scale mail and quivering javelins (moderately wounded, ally target, about 20% to evade the +10 spear of the Baleful God)
You could not reach far enough!
The foxfire hits the centaur but does no damage.
The centaur is moderately wounded.
The foxfire hits the centaur but does no damage.
The centaur is moderately wounded.
An orc warrior comes into view. It is wielding a +0 glaive.
The centaur throws a javelin.
The javelin pierces through you!
Reach: e) +10 spear of the Baleful God {venom, +Blink rPois rCorr MP+9}
Press: ? - help, Dir - move target, f/p - centaur
Aim: a centaur, wielding a +0 trident, wearing a +0 scale mail and quivering javelins (moderately wounded, about 20% to evade the +10 spear of the Baleful God)
You reach to attack!
You barely miss the centaur.
The centaur is moderately wounded.
The centaur hits you from afar with a +0 trident.
The centaur throws a javelin.
The javelin completely misses you.
You are too injured to fight recklessly!
The orc warrior shouts!
You hear a shout!
The centaur closely misses you. The centaur barely misses you.
The centaur throws a javelin.
The javelin closely misses you. The centaur attacks as you move away!
The centaur hits you with a +0 trident!
* * * LOW HITPOINT WARNING * * *
The centaur closely misses you.
The centaur hits you from afar with a +0 trident!
* * * LOW HITPOINT WARNING * * *
The centaur misses you.
The centaur throws a javelin.
The javelin pierces through you.
You die...

...≈~≈.≈~≈.....
...≈~≈}≈~≈.....
.....≈~≈~≈~≈.....
≈....≈≈o)~≈≈....≈
≈.....≈≈≈≈≈.....≈
≈≈.⌠..≈≈≈≈≈..⌠.≈≈
c≈...).≈≈≈c....≈.
)≈≈≈.........≈≈≈.
≈..≈≈≈...@)≈≈≈..≈
≈.)≈#..)#≈c.≈≈≈ ≈≈≈
#).)#.≈≈≈≈≈ ≈ #...# ≈≈≈≈≈
#)..# ≈≈≈≈≈
#########'''#########
##...................##
##....).......)........##
##.....).⌠#######⌠.......##


You could see an orc warrior and 2 centaurs.

Vanquished Creatures
  Pikel (D:4)
  Grinder (D:4)
  Eustachio (D:4)
  A steam dragon (D:7)
  3 ice beasts
  11 orc warriors
  An ogre (D:5)
  A black bear (D:7)
  6 centaurs (Bailey)
  A phantom (D:6)
  4 bullfrogs
  A necrophage (D:7)
  3 scorpions
  3 wights (D:7)
  6 killer bees (D:5)
  5 jellies
  An orc priest (D:6)
  4 hounds
  5 iguanas
  Natasha (D:2)
  2 orc wizards
  3 gnolls (D:5)
  6 adders
  An ufetubus (D:5)
  A worm (D:4)
  2 dart slugs
  23 orcs
  5 bats
  13 endoplasms
  3 giant cockroaches
  7 goblins
  10 hobgoblins
  2 jackals (D:4)
  19 kobolds
  3 quokkas
  4 ball pythons
  5 frilled lizards
  6 rats (D:1)
  A butterfly (D:5)
176 creatures vanquished.

Vanquished Creatures (collateral kills)
  5 foxfires
5 creatures vanquished.

Vanquished Creatures (others)
  666 foxfires
  6 fungi (D:4)
  A plant (D:1)
  4 toadstools (D:4)
677 creatures vanquished.

Grand Total: 858 creatures vanquished

Notes
Turn   | Place    | Note
-------+----------+-------------------------------------------
     0 | D:1      | Lanoc the Hill Orc Fire Elementalist began the quest for
                  | the Orb.
     0 | D:1      | Reached XP level 1. HP: 14/14 MP: 3/3
   146 | D:1      | Reached XP level 2. HP: 20/20 MP: 0/4
   167 | D:1      | Reached skill level 4 in Fire Magic
   545 | D:1      | Reached XP level 3. HP: 23/26 MP: 2/5
   548 | D:1      | Learned a level 2 spell: Scorch
  1392 | D:2      | Reached skill level 5 in Fire Magic
  1395 | D:2      | Noticed a scorpion
  1454 | D:2      | Reached XP level 4. HP: 18/33 MP: 1/6
  1670 | D:2      | Killed a scorpion
  1671 | D:2      | Reached skill level 6 in Fire Magic
  1671 | D:2      | Reached XP level 5. HP: 36/38 MP: 0/7
  1752 | D:2      | Noticed Natasha
  1755 | D:2      | Killed Natasha
  2041 | D:2      | Identified the +8 great sword of the Gibberer {vorpal, rN+
                  | Int+3}
  2173 | D:2      | Found a hazy altar of Hepliaklqana.
  3069 | D:4      | Reached skill level 7 in Fire Magic
  3074 | D:4      | Learned a level 4 spell: Flame Wave
  3258 | D:4      | Reached XP level 6. HP: 43/45 MP: 5/8
  3404 | D:4      | Noticed Pikel
  3454 | D:4      | Killed Pikel
  3455 | D:4      | Reached skill level 9 in Fire Magic
  3455 | D:4      | Reached XP level 7. HP: 37/50 MP: 0/9
  4000 | D:4      | Noticed Grinder
  4009 | D:4      | Killed Grinder
  4010 | D:4      | Reached skill level 10 in Fire Magic
  4010 | D:4      | Reached XP level 8. HP: 49/57 MP: 2/10
  4168 | D:4      | Noticed Eustachio
  4175 | D:4      | Killed Eustachio
  4176 | D:4      | Reached skill level 11 in Fire Magic
  4574 | D:4      | Found an ancient bone altar of Kikubaaqudgha.
  4695 | D:5      | Entered Level 5 of the Dungeon
  4839 | D:5      | Reached skill level 12 in Fire Magic
  4951 | D:5      | Reached XP level 9. HP: 35/62 MP: 0/11
  5110 | D:5      | Found Ite Sudu's Assorted Antiques.
  5119 | D:5      | Bought 2 bubbling coppery potions for 55 gold pieces
  5119 | D:5      | Bought a green potion for 27 gold pieces
  5195 | D:5      | Found a staircase to the Ecumenical Temple.
  5280 | Temple   | Entered the Ecumenical Temple
  5548 | Temple   | Became a worshipper of Vehumet
  5907 | D:5      | Found a shadowy altar of Dithmenos.
  6038 | D:6      | Reached skill level 13 in Fire Magic
  6507 | D:6      | Found Adevogur's Magic Scroll Emporium.
  6521 | D:6      | Bought a scroll of fear for 48 gold pieces
  6521 | D:6      | Bought a scroll of immolation for 48 gold pieces
  6830 | D:7      | Reached skill level 14 in Fire Magic
  6936 | D:7      | Found a flagged portal.
  6943 | D:7      | Identified the +10 spear of the Baleful God {venom, +Blink
                  | rPois rCorr MP+9}
  6967 | Bailey   | Entered a bailey
  7128 | Bailey   | Reached skill level 15 in Fire Magic
  7128 | Bailey   | Reached XP level 10. HP: 69/69 MP: 12/12
  7183 | Bailey   | Reached * piety under Vehumet
  7183 | Bailey   | Offered knowledge of Kiss of Death by Vehumet.
  8128 | Bailey   | Reached skill level 16 in Fire Magic
  8166 | Bailey   | Hit by a javelin thrown by a centaur

Illustrated notes

Levels and vault maps discovered:
D:1:      lightli_arrival_windingriver, layout_basic
D:2:      layout_rooms, basic_altar, minmay_pentomino_q2, uniq_natasha
D:3:      layout_basic
D:4:      cheibrodos_fertilizer, layout_loops_corners,
          mainiacjoe_overflow_chevrons, uniq_pikel, uniq_eustachio, uniq_grinder
D:5:      layout_loops_ring, lemuel_round_altar,
          minmay_temple_entry_butterflies, serial_shops, shop
D:6:      layout_cave_pools, serial_shops, nicolae_shop_hallway_plus
D:7:      layout_basic, grunt_temple_overflow_open, enter_bailey_2
Temple:   minmay_temple_curvy_branch
Bailey:   bailey_polearm_flooded_kennysheep, bailey

Skill      XL: |  1  2  3  4  5  6  7  8  9 10 |
---------------+-------------------------------+-----
Fire Magic     | 4 5 6 7 9 10 12 15 16 | 16.3
Dodging        | |  1.5
Stealth        | |  1.5
Spellcasting   | |  1.5
Conjurations   | |  1.0

Action                   |  1- 3 |  4- 6 |  7- 9 | 10-12 || total
-------------------------+-------+-------+-------+-------++-------
Melee: Unarmed           |    50 |       |       |       ||    50
       Punch             |     1 |       |       |       ||     1
       Dagger            |     6 |     5 |       |       ||    11
       Great sword       |       |     9 |    56 |       ||    65
       Spear             |       |       |       |     4 ||     4
 Cast: Foxfire           |    42 |    70 |   130 |   144 ||   386
       Scorch            |     8 |     8 |    24 |    12 ||    52
       Flame Wave        |       |       |     2 |       ||     2
  Use: Potion            |       |     1 |     1 |       ||     2
       Scroll            |       |       |     7 |       ||     7
 Stab: Sleeping          |       |     1 |     1 |       ||     2
Armor: Robe              |     8 |     4 |    13 |     1 ||    26
Dodge: Dodged            |    51 |    14 |    56 |    30 ||   151

Table legend: (Time is in decaauts)
 A = Elapsed time spent in this place.
 B = Non-inter-level travel time spent in this place.
 C = Inter-level travel time spent in this place.
 D = Time resting spent in this place.
 E = Time spent auto-exploring this place.
 F = Levels seen in this place.
 G = Mean time per level.
                   A        B        C        D        E       F      G
               +--------+--------+--------+--------+--------+-----+--------+
         Total |   8205 |   8050 |    155 |    162 |   6713 |   9 |  911.7 |
       Dungeon |   6715 |   6602 |    113 |     50 |   5616 |   7 |  959.3 |
        Temple |    290 |    248 |     42 |      0 |    245 |   1 |  290.0 |
        Bailey |   1199 |   1199 |      0 |    112 |    852 |   1 | 1199.0 |
               +--------+--------+--------+--------+--------+-----+--------+

Top non-repeatable levels by time:
     D:4: 1711 daAuts
     D:1: 1348 daAuts
  Bailey: 1199 daAuts
     D:5: 1054 daAuts
     D:2: 845 daAuts
     D:3: 802 daAuts
     D:6: 797 daAuts
  Temple: 290 daAuts
     D:7: 155 daAuts
